 Dungeon Crawl Stone Soup version 0.28-a0-1227-ga9037bb4c8 (webtiles) character file.

Game seed: 13721037655723092497

304 Fortus the Covert (level 6, -1/26 HPs)
             Began as a Vampire Brigand on Dec 22, 2021.
             Slain by an iguana (13 damage)
             ... on level 3 of the Dungeon.
             The game lasted 00:06:45 (2784 turns).

Fortus the Covert (Vampire Brigand)                 Turns: 2784, Time: 00:06:46

Health: -1/26      AC:  3    Str: 10    XL:     6   Next: 15%
Magic:  6/6        EV: 16    Int: 14    God:
Gold:   82         SH:  0    Dex: 17    Spells: 5/5 levels left

rFire   . . .      SeeInvis +   a - +2 dagger
rCold   + + .      Faith    .   (no shield)
rNeg    + + +      Spirit   .   b - +0 robe
rPois   ∞          Reflect  .   (no helmet)
rElec   .          Harm     .   c - +0 cloak
rCorr   .          Rampage  .   (no gloves)
Will    .....                   (no boots)
Stlth   +++++++...              (no amulet)
HPRegen 0.00/turn               n - +4 ring of evasion
MPRegen 0.10/turn               (no ring)

@: bloodless, inhibited regen
A: bloodless, fangs 3, see invisible, vampiric 2, [frail 2]
a: Bat Form, Revivify


You were on level 3 of the Dungeon.
You visited 1 branch of the dungeon, and saw 3 of its levels.

You collected 82 gold pieces.

Inventory:

Hand Weapons
 a - a +2 dagger (weapon)
Missiles
 d - 39 poisoned darts (quivered)
 e - 2 curare-tipped darts
 g - 2 throwing nets
Armour
 b - a +0 robe (worn)
 c - a +0 cloak (worn)
Jewellery
 j - a ring of fire
 n - a +4 ring of evasion (left hand)
Scrolls
 i - a scroll of vulnerability {unknown}
 l - a scroll of identify {unknown}
Potions
 f - a potion of brilliance {unknown}
 h - a potion of might {unknown}
 k - 2 potions of heal wounds {unknown}
 m - a potion of curing {unknown}


   Skills:
 - Level 1.7 Fighting
 * Level 4.0 Short Blades
 - Level 1.5 Throwing
 - Level 1.1 Dodging
 - Level 10.3 Stealth


You had 5 spell levels left.
You didn't know any spells.
Your spell library contained the following spells:

 Spells                   Type           Power      Damage    Failure   Level
 Passwall                 Tmut/Erth      0%         N/A       41%         2
 Swiftness                Air            0%         N/A       65%         3


Dungeon Overview and Level Annotations

Branches:
Dungeon (3/15)

Altars:
Nemelex Xobeh

Shops:
D:1 (


Innate Abilities, Weirdness & Mutations

You do not regenerate when monsters are visible.
You are frail without blood (-20% HP).
You can heal yourself when you bite living creatures.
You are immune to poison.
You have razor-sharp teeth.
You have supernaturally acute eyesight. (SInv)
You are afflicted with vampirism and can become a bat while bloodless.
[You are very frail. (-20% HP)]


Message History

The helpless giant cockroach fails to defend itself.
You skewer the giant cockroach like a kebab!!!
You kill the giant cockroach!
The iguana bites you. The iguana bites you.
The iguana hisses menacingly.
There is a stone staircase leading up here.
Things that are here:
a +0 dagger; a +0 robe You see here a +0 whip.
You throw a poisoned dart.
The poisoned dart barely misses the iguana.
The iguana bites you.
Throw: 42 darts (poison)
Press: ? - help, Q - select action, (/) - cycle Shift-Dir - straight line, f/p - iguana
Aim: an iguana (63% to hit)
You throw a poisoned dart. The poisoned dart hits the iguana.
The iguana is poisoned.
The iguana completely misses you.
Throw: 41 darts (poison)
Press: ? - help, Q - select action, (/) - cycle Shift-Dir - straight line, f/p - iguana
Aim: an iguana (lightly wounded, poisoned, 63% to hit)
You throw a poisoned dart. The poisoned dart hits the iguana.
The iguana looks even sicker.
The iguana is lightly wounded.
The iguana misses you.
Throw: 40 darts (poison)
Press: ? - help, Q - select action, (/) - cycle Shift-Dir - straight line, f/p - iguana
Aim: an iguana (lightly wounded, very poisoned, 63% to hit)
You throw a poisoned dart. The poisoned dart hits the iguana.
The iguana is lightly wounded.
The iguana completely misses you.
You closely miss the iguana.
The iguana is moderately wounded.
The iguana barely misses you.
You hit the iguana but do no damage. Your bite misses the iguana.
The iguana is moderately wounded.
The iguana bites you!
Ouch! That really hurt!
You die...

# #....### #.## #.# #
#......# ##.# #.# # ###
#.#.##.###..# #.# ###<#
#.#.##..##.## #.# ....#
#.#.###.#..# #.# ###.#
#.#.###..<#### ### #.##
#.#.##..#)...#
#..######.#.##......)# #
##.....##.#.##@#.....#
########....)...l##).).#
.................##....#
#########....).#(......#
###.....###....#
#..#...# #....#
##.##...# #....#
#..##...# #....#
#..##...# ######


You could see an iguana (very poisoned).

Vanquished Creatures
  A bullfrog (D:3)
  An orc wizard (D:3)
  Natasha (thrice) (D:2)
  3 gnolls
  5 adders (D:3)
  2 worms (D:2)
  A dart slug (D:3)
  3 orcs (D:3)
  6 bats
  2 endoplasms (D:1)
  5 giant cockroaches
  4 goblins
  7 hobgoblins
  A quokka (D:1)
  5 ball pythons
  3 frilled lizards
  5 kobolds
  5 rats
62 creatures vanquished.

Notes
Turn   | Place    | Note
-------+----------+-------------------------------------------
     0 | D:1      | Fortus the Vampire Brigand began the quest for the Orb.
     0 | D:1      | Reached XP level 1. HP: 16/16 MP: 1/1
   113 | D:1      | Reached skill level 6 in Stealth
   410 | D:1      | Reached XP level 2. HP: 17/17 MP: 2/2
   501 | D:1      | Found a faded altar of an unknown god.
   531 | D:1      | Found Semi's Antique Weapon Shoppe.
   581 | D:1      | Reached skill level 7 in Stealth
  1161 | D:2      | Gained mutation: You are afflicted with vampirism and can
                  | become a bat while bloodless. [Vampire growth]
  1161 | D:2      | Reached XP level 3. HP: 18/18 MP: 3/3
  1447 | D:2      | Found a sparkling altar of Nemelex Xobeh.
  1455 | D:2      | Reached skill level 8 in Stealth
  1455 | D:2      | Noticed Natasha
  1464 | D:2      | Killed Natasha
  1465 | D:2      | Reached XP level 4. HP: 23/23 MP: 4/4
  1501 | D:2      | Noticed Natasha
  1506 | D:2      | Killed Natasha
  1506 | D:2      | Noticed Natasha
  1507 | D:2      | Reached skill level 9 in Stealth
  1524 | D:2      | Killed Natasha
  1999 | D:1      | HP: 1/26 [gnoll (7)]
  2104 | D:2      | Reached XP level 5. HP: 5/30 MP: 5/5
  2226 | D:3      | Reached skill level 10 in Stealth
  2742 | D:3      | Reached XP level 6. HP: 26/26 MP: 6/6
  2784 | D:3      | Slain by an iguana

Illustrated notes

Levels and vault maps discovered:
D:1:      matt_arrival_refuge, layout_basic, serial_shops,
          nicolae_shop_waterfront, shapermc_ecumenical_altar_starsandcircs
D:2:      layout_rooms, basic_altar, uniq_natasha
D:3:      layout_rooms, uniq_crazy_yiuf_cottage

Skill      XL: |  1  2  3  4  5 |
---------------+----------------+-----
Stealth        | 6 7 8 9 10 | 10.3
Short Blades   | 4 |  4.0
Fighting       | |  1.7
Throwing       | |  1.5
Dodging        | |  1.1

Action                   |  1- 3 |  4- 6 || total
-------------------------+-------+-------++-------
Melee: Dagger            |    61 |    91 ||   152
       Bite              |     6 |     8 ||    14
Throw: Dart              |       |     4 ||     4
 Abil: Exsanguinate      |     2 |     1 ||     3
       Revivify          |     1 |     1 ||     2
 Stab: Sleeping          |    19 |    15 ||    34
       Distracted        |       |     1 ||     1
Armor: Robe              |     8 |    10 ||    18
Dodge: Dodged            |    22 |    43 ||    65

Table legend: (Time is in decaauts)
 A = Elapsed time spent in this place.
 B = Non-inter-level travel time spent in this place.
 C = Inter-level travel time spent in this place.
 D = Time resting spent in this place.
 E = Time spent auto-exploring this place.
 F = Levels seen in this place.
 G = Mean time per level.
                   A        B        C        D        E       F      G
               +--------+--------+--------+--------+--------+-----+--------+
         Total |   2787 |   2699 |     88 |   1075 |    999 |   3 |  929.0 |
       Dungeon |   2787 |   2699 |     88 |   1075 |    999 |   3 |  929.0 |
               +--------+--------+--------+--------+--------+-----+--------+

Top non-repeatable levels by time:
     D:1: 1583 daAuts
     D:3: 627 daAuts
     D:2: 576 daAuts
